AoeStats
← NHN Forever

Arabia

507377742Analyzed
1v1 RM · 1mo ago on Sep 17, 2026· 35m 5s· 2 players
Game mode
Random Map
Map size
Tiny (2 player)
Population
200
Speed
Normal
Resources
Standard
Victory
Conquest
Starting age
Dark Age
Ending age
Imperial Age
RankedLock teamsTeams togetherTeam positionsShared explorationLock speedFull tech treeHidden civsTurbo modeCheats
Victory
Defeat
🇪🇸 Vietnamese · Spain
1804
+12
vs
🇲🇽 Burgundians · Mexico
1725
-12
Bachicha val
5:23 Double-Bit Axe
6:56 Loom
11:07 Feudal Age
13:50 Fletching
15:03 Padded Archer Armor
22:53 Town Watch
26:17 Horse Collar
30:24 Castle Age
29:52 Gold Mining
30:15 Bow Saw
31:31 Bodkin Arrow
32:29 Elite Skirmisher
35:20 Leather Archer Armor
NHN Forever
7:09 Loom
9:19 Feudal Age
11:25 Fletching
11:37 Padded Archer Armor
12:24 Double-Bit Axe
17:37 Wheelbarrow
25:11 Castle Age
24:38 Horse Collar
28:00 Scale Barding Armor
29:08 Gold Mining
32:35 Town Watch
33:01 Bow Saw
Connection lost

Rejoining the realm…

Still unreachable

The connection could not be restored.

Session expired

The server has moved on; the page needs a fresh start.